 Dungeon Crawl Stone Soup version 0.28-a0-1339-ga5422284a4 (webtiles) character file.

Game seed: 9860434345526065089

22087 gimp the Nimble (level 12, -5/89 HPs)
             Began as a Demigod Wanderer on Dec 28, 2021.
             Slain by a blink frog (12 damage)
             ... on level 4 of the Lair of Beasts.
             The game lasted 00:44:41 (22878 turns).

gimp the Nimble (Demigod Wanderer)                 Turns: 22878, Time: 00:44:42

Health: -5/89      AC:  7    Str: 11    XL:     12   Next: 28%
Magic:  5/25       EV: 14    Int: 38    God:
Gold:   949        SH:  4    Dex: 11    Spells: 7/23 levels left

rFire   + + .      SeeInvis .   a - +3 dagger (drain)
rCold   + . .      Faith    .   J - +0 buckler {rC+}
rNeg    + . .      Spirit   .   c - +1 leather armour of Monotheism {rF++ rN+ Dex-2 Stlth+}
rPois   .          Reflect  .   g - +0 hat
rElec   .          Harm     .   q - +1 cloak
rCorr   .          Rampage  .   (no gloves)
Will    ++...                   (no boots)
Stlth   ++++......              K - amulet of magic regeneration
HPRegen 0.00/turn               j - +6 ring of intelligence
MPRegen 0.59/turn               D - ring of willpower

@: inhibited regen
A: high mp 1, forlorn, divine attributes, inhibited regeneration
a: no special abilities


You were on level 4 of the Lair of Beasts.
You visited 2 branches of the dungeon, and saw 15 of its levels.
You also visited: Bailey.

You collected 1166 gold pieces.
You spent 217 gold pieces at shops.

Inventory:

Hand Weapons
 a - a +3 dagger of draining (weapon)
 y - a +2 dagger of speed
 N - a +1 trident of freezing
Missiles
 u - 318 stones
 L - 6 curare-tipped darts
Armour
 c - the +1 leather armour of Monotheism (worn) {rF++ rN+ Dex-2 Stlth+}
   (You bought it in a shop on level 8 of the Dungeon)

   Dex:       It affects your dexterity (-2).
   rF:        It greatly protects you from fire.
   rN:        It protects you from negative energy.
   Stlth:     It makes you more stealthy.
 g - a +0 hat (worn)
 q - a +1 cloak (worn)
 z - a +4 ring mail
 J - a +0 buckler of cold resistance (worn)
 M - a +2 robe of resistance
Jewellery
 j - a +6 ring of intelligence (left hand)
 D - a ring of willpower (right hand)
 G - an amulet of the acrobat
 K - an amulet of magic regeneration (around neck)
 S - a ring of positive energy
Wands
 l - a wand of mindburst (3)
 r - a wand of polymorph (2)
 t - a wand of iceblast (4)
 T - a wand of flame (10)
Scrolls
 e - 2 scrolls of torment
 f - 5 scrolls of teleportation
 i - a scroll of holy word
 v - 3 scrolls of enchant weapon
 F - a scroll of brand weapon
 I - a scroll of enchant armour
 O - a scroll of amnesia
 Q - a scroll of summoning
 R - a scroll of fog
Potions
 b - a potion of cancellation {unknown}
 h - 2 potions of lignification
 k - 5 potions of heal wounds {unknown}
 m - 5 potions of might
 n - a potion of invisibility
 o - 2 potions of flight
 p - 2 potions of mutation
 s - a potion of berserk rage {unknown}
 w - 3 potions of curing
 x - a potion of ambrosia {unknown}
 A - a potion of magic
 B - 6 potions of resistance {unknown}
 C - 2 potions of brilliance
 H - 6 potions of haste {unknown}
Miscellaneous
 d - a piece from Xom's chessboard (14/15)


   Skills:
 - Level 3.0 Fighting
 * Level 6.1 Polearms
 - Level 8.0 Armour
 - Level 8.0 Dodging
 * Level 6.8 Stealth
 - Level 4.0 Shields
 - Level 6.0 Spellcasting
 - Level 6.0 Conjurations
 + Level 2.6 Fire Magic
 - Level 6.0 Earth Magic
 - Level 6.0 Poison Magic
 - Level 2.6 Evocations


You had 7 spell levels left.
You knew the following spells:

 Your Spells              Type           Power      Damage    Failure   Level
a - Stone Arrow           Conj/Erth      100%       3d13      1%          3
b - Sandblast             Erth           100%       2d20      1%          1
c - Sticky Flame          Conj/Fire      44%        2d6       7%          4
d - Poisonous Vapours     Pois/Air       68%        N/A       1%          2
e - Lee's Rapid Deconstr  Erth           27%        3d15*     9%          5
j - Sting                 Tmut/Pois      100%       1d8       1%          1

Your spell library contained the following spells:

 Spells                   Type           Power      Damage    Failure   Level
 Conjure Flame            Conj/Fire      44%        6-21      1%          3
 Ignite Poison            Fire/Tmut/Pois 33%        N/A       3%          3
 Ensorcelled Hibernation  Hex/Ice        22%        N/A       6%          2
 Leda's Liquefaction      Hex/Erth       17%        N/A       11%         4
 Call Canine Familiar     Summ           11%        N/A       12%         3
 Gell's Gravitas          Tloc           11%        N/A       12%         3
 Portal Projectile        Hex/Tloc       22%        N/A       12%         3
 Teleport Other           Tloc           11%        N/A       12%         3
 Tukima's Dance           Hex            11%        N/A       12%         3
 Statue Form              Tmut/Erth      22%        N/A       86%         6
 Dispersal                Tloc           5%         N/A       99%         6
 Enfeeble                 Hex            5%         N/A       100%        7


Dungeon Overview and Level Annotations

Branches:
Dungeon (11/15)            Temple (0/1) D:7            Lair (4/6) D:8
  Snake (0/4) Lair:4       Spider (0/4) Lair:4       Bailey (visited)
    Orc: D:9-12

Shops:
D:2 (   D:8 [   D:10 *

Annotations:
D:9 exclusions: door, orange crystal statue and 1 more exclusion


Innate Abilities, Weirdness & Mutations

You have an increased reservoir of magic. (+10% MP)
You shall have no god before yourself.
Your divine heritage dramatically boosts your attributes as you level up.
You do not regenerate when monsters are visible.


Message History

The black mamba is severely wounded.
* * * LOW HITPOINT WARNING * * *
You feel extremely sick. The black mamba closely misses you.
The black mamba completely misses you.
You take 8 damage, and have 1/89 hp.
You now have 10/25 mp.
You feel better. The black mamba misses you.
A blink frog comes into view.
The black mamba bites you but does no damage.
A water moccasin comes into view.
You regained 6 hp, and now have 7/89 hp.
Okay, then.
Aiming: Mindburst
Press: ? - help, Shift-Dir - straight line, f/p - black mamba
Aim: a black mamba (severely wounded, chance to affect: 75%)
The black mamba's mind is blasted!!
You blow up the black mamba!
The blink frog croaks.
Casting: Stone Arrow (safe; 1% risk of failure)
Confirm with . or Enter, or press ? or * to list all spells.
Aiming: Poisonous Vapours (safe; 1% risk of failure)
Press: ? - help, Dir - move target, f - blink frog
Aim: a blink frog Poisonous vapours surround the blink frog!
The blink frog is poisoned.
The blink frog blinks!
A blink frog comes into view.
You now have 9/25 mp.
Casting: Poisonous Vapours (safe; 1% risk of failure)
Confirm with . or Enter, or press ? or * to list all spells.
Aiming: Lee's Rapid Deconstruction (dangerous; 9% risk of failure)
Press: ? - help, Dir - move target, p - blink frog A rock wall.
The wall shatters!
The blast of rock fragments hits the fungus!!
The fungus begins to die.
The fungus is lightly damaged.
The blast of rock fragments hits the blink frog!
The blink frog is heavily wounded.
You hear an angry hiss.
The blink frog hits you!
You die...

**,,.....#.^..##.,,,,,,,*** ***
*,,............**,,,,,**
**##.......F..###*,,,**
#.#.....#§...P##*,**
*#......†.....P#***
*#......S.....###
###..............#
#............F...#
#...........@....##
#####.................#
#.#.........†.........##
.#.....................###
.......................#.# ####
...#...............##)...#####..#
#,#...............#.##...#.##....
###...............####..........#
..............PP### #........<##


You could see 2 blink frogs and a water moccasin.

Vanquished Creatures
  A hydra (Lair:2)
  A centaur warrior (D:9)
  A two-headed ogre (D:8)
  A tengu warrior (D:8)
  2 death yaks (Lair:3)
  Sonja (Lair:4)
  A lindwurm (Lair:2)
  2 oklob plants (Lair:3)
  Maurice (D:11)
  2 black mambas (Lair:4)
  6 cane toads
  A gargoyle (D:10)
  A torpor snail (Lair:3)
  Psyche (D:8)
  4 komodo dragons
  2 trolls
  5 blink frogs
  A slime creature (D:8)
  4 dream sheep (Lair:3)
  2 wyverns
  8 yaks
  A basilisk (Lair:3)
  2 vampire mosquitoes (D:10)
  2 steam dragons
  2 acid dragons (D:11)
  10 water moccasins
  6 orc warriors
  A sky beast (D:7)
  A necrophage (D:7)
  3 black bears
  4 ice beasts
  15 wolves
  A phantom (D:5)
  3 centaurs
  4 kobold brigands
  A scorpion (D:6)
  11 bullfrogs
  A wyvern zombie (D:8)
  A wyvern skeleton (D:7)
  A water moccasin skeleton (D:4)
  7 killer bees
  7 wights
  A howler monkey (D:10)
  4 centaur zombies
  3 bullfrog zombies
  4 gnoll shamans
  A bullfrog skeleton (D:7)
  A jelly (D:7)
  9 orc priests
  4 centaur skeletons
  Jessica (D:3)
  Terence (D:3)
  2 iguanas
  16 orc wizards
  A hound skeleton (D:4)
  2 howler monkey zombies (D:8)
  23 gnolls
  9 adders
  3 white imps
  An ufetubus (D:5)
  An adder skeleton (D:4)
  A dart slug (D:1)
  4 worms
  58 orcs
  4 endoplasms
  7 giant cockroaches
  8 goblins
  4 hobgoblins
  4 jackals
  17 kobolds
  5 quokkas
  12 ball pythons
  4 bats
  3 frilled lizards
  8 rats
358 creatures vanquished.

Vanquished Creatures (others)
  7 fungi
  16 plants
23 creatures vanquished.

Grand Total: 381 creatures vanquished

Notes
Turn   | Place    | Note
-------+----------+-------------------------------------------
     0 | D:1      | gimp the Demigod Wanderer began the quest for the Orb.
     0 | D:1      | gimp set off with the following items: a +0 dagger, 31
                  | stones, a +0 robe, a piece from Xom's chessboard (15/15);
                  | and the following spells available to memorise: Sandblast,
                  | Sting, Poisonous Vapours, Stone Arrow, Ignite Poison
     0 | D:1      | Reached XP level 1. HP: 14/14 MP: 4/4
   223 | D:1      | Learned a level 1 spell: Sandblast
   225 | D:1      | Learned a level 1 spell: Sting
   551 | D:1      | Reached XP level 2. HP: 7/20 MP: 5/5
  1580 | D:2      | Reached XP level 3. HP: 21/26 MP: 1/6
  2252 | D:2      | Reached XP level 4. HP: 18/33 MP: 1/8
  2971 | D:2      | Found Zyanitu's Weapon Boutique.
  3117 | D:3      | Noticed Jessica
  3136 | D:3      | Killed Jessica
  3387 | D:3      | Reached XP level 5. HP: 35/38 MP: 2/9
  3530 | D:3      | Noticed Terence
  3603 | D:3      | Killed Terence
  4386 | D:4      | Learned a level 3 spell: Stone Arrow
  4451 | D:4      | Noticed an ice beast
  4549 | D:4      | Killed an ice beast
  4550 | D:4      | Reached XP level 6. HP: 32/45 MP: 2/10
  4917 | D:4      | Reached skill level 5 in Earth Magic
  4917 | D:4      | Reached skill level 5 in Poison Magic
  4989 | D:4      | Learned a level 2 spell: Poisonous Vapours
  5367 | D:4      | Reached XP level 7. HP: 50/50 MP: 7/11
  5584 | D:5      | Entered Level 5 of the Dungeon
  5695 | D:5      | Reached skill level 1 in Conjurations
  7535 | D:6      | Reached XP level 8. HP: 43/57 MP: 0/13
  8974 | D:7      | Found a flagged portal.
  9059 | Bailey   | Entered a bailey
  9911 | D:7      | Found a staircase to the Ecumenical Temple.
 10070 | D:7      | Reached skill level 5 in Spellcasting
 10640 | D:7      | Reached skill level 5 in Conjurations
 10659 | D:7      | Reached XP level 9. HP: 50/62 MP: 0/20
 11663 | D:8      | Found a staircase to the Lair.
 11854 | D:8      | Reached skill level 1 in Fighting
 11858 | D:8      | Noticed Psyche
 11892 | D:8      | Killed Psyche
 12033 | D:8      | Found Uroirch's Antique Armour Shop.
 12040 | D:8      | Bought a brightly glowing leather armour for 175 gold
                  | pieces
 12040 | D:8      | Identified the +1 leather armour of Monotheism {rF++ rN+
                  | Dex-2 Stlth+} (You bought it in a shop on level 8 of the
                  | Dungeon)
 12270 | D:8      | Reached skill level 1 in Armour
 12860 | D:8      | Noticed a two-headed ogre
 12864 | D:8      | Killed a two-headed ogre
 13290 | D:8      | Noticed a tengu warrior
 13363 | D:8      | Killed a tengu warrior
 13364 | D:8      | Reached XP level 10. HP: 18/77 MP: 16/22
 13705 | D:8      | Reached skill level 1 in Shields
 14089 | D:9      | Noticed an orange crystal statue
 14527 | D:9      | Reached skill level 5 in Dodging
 14698 | D:9      | Noticed a catoblepas
 14729 | D:9      | Noticed an eight-headed hydra
 14783 | D:9      | Noticed a skeletal warrior
 14796 | D:9      | Noticed a centaur warrior
 14885 | D:9      | Killed a centaur warrior
 14886 | D:9      | Reached skill level 5 in Armour
 14905 | D:10     | Entered Level 10 of the Dungeon
 16179 | D:10     | Found Feli's General Store.
 16184 | D:10     | Bought a potion of curing for 42 gold pieces
 16913 | D:11     | Noticed Maurice
 16959 | D:11     | Killed Maurice
 17477 | D:11     | Noticed a cyclops
 17477 | D:11     | Noticed a death knight
 17477 | D:11     | Noticed an eight-headed hydra
 17552 | D:11     | Reached XP level 11. HP: 82/82 MP: 15/24
 17659 | Lair:1   | Entered Level 1 of the Lair of Beasts
 19381 | Lair:2   | Reached skill level 1 in Polearms
 19587 | Lair:2   | Noticed a lindwurm
 19603 | Lair:2   | Killed a lindwurm
 19833 | Lair:2   | Noticed a four-headed hydra
 19840 | Lair:2   | Killed a four-headed hydra
 21448 | Lair:3   | Reached skill level 5 in Stealth
 21453 | Lair:3   | Learned a level 4 spell: Sticky Flame
 21645 | Lair:3   | Reached XP level 12. HP: 84/89 MP: 15/25
 21702 | Lair:3   | Reached skill level 5 in Polearms
 21702 | Lair:3   | Reached skill level 1 in Fire Magic
 22527 | Lair:3   | Learned a level 5 spell: Lee's Rapid Deconstruction
 22710 | Lair:4   | Noticed Sonja
 22717 | Lair:4   | Killed Sonja
 22807 | Lair:4   | Gained mutation: You do not regenerate when monsters are
                  | visible. [potion of mutation]
 22874 | Lair:4   | HP: 1/89 [poisoned by a black mamba]
 22878 | Lair:4   | Slain by a blink frog

Illustrated notes

Levels and vault maps discovered:
D:1:      eino_arrival_druids_welcome, layout_basic
D:2:      layout_rooms, serial_shops, nicolae_diamond_shop,
          ebering_ecumenical_altar_rust, nrook_uturn, minmay_fountain_box,
          nicolae_wormholes
D:3:      layout_rooms, uniq_jessica, uniq_terence
D:4:      layout_loops_ring
D:5:      layout_basic
D:6:      layout_gridville
D:7:      layout_cave_pods, minmay_temple_entry_wispy, enter_bailey_2,
          kennysheep_nub, amethyst_killhole, minmay_misc_feat_tiny
D:8:      minmay_slanted_spiral_squares, layout_loops_corners, lair_entry_dummy,
          serial_shops, shop, corexii_hall_statues_i, minivault_21,
          nicolae_figureground_pulse, uniq_psyche
D:9:      layout_loops_cross, grunt_decor_junction, minivault_16,
          minmay_fractal_squares_gapless_7
D:10:     minmay_goldmine, layout_loops_ring, nicolae_gozag_seed_capital,
          serial_shops, kennysheep_mini_moat, minmay_misc_feat_room,
          corexii_checkpoint_a
D:11:     minmay_bubble_buster, layout_basic, chequers_serial_rivers_micro_e,
          uniq_maurice
Lair:1:   layout_chaotic_city, lemuel_fruit_tree
Lair:2:   layout_chaotic_city
Lair:3:   layout_cave_pods, basic_altar, minivault_27, hangedman_tree_tricks,
          grunt_megastairs_5
Lair:4:   layout_cave_pods, minmay_snake_entry_six_corridors,
          spider_nest_entry_webs, nicolae_volcano_entry_s_turn, uniq_sonja

Skill      XL: |  1  2  3  4  5  6  7  8  9 10 11 12 |
---------------+-------------------------------------+-----
Earth Magic    | 2 3 4 5 6 |  6.0
Poison Magic   | 2 3 4 5 6 |  6.0
Conjurations   | 3 5 6 |  6.0
Spellcasting   | 5 6 |  6.0
Fighting       | 3 |  3.0
Armour         | 4 6 8 |  8.0
Dodging        | 4 6 8 |  8.0
Shields        | 4 |  4.0
Polearms       | 4 6 |  6.1
Stealth        | 5 6 |  6.8
Fire Magic     | 2 |  2.6
Evocations     | |  2.6

Action                   |  1- 3 |  4- 6 |  7- 9 | 10-12 || total
-------------------------+-------+-------+-------+-------++-------
Melee: Dagger            |    61 |    20 |    60 |    91 ||   232
       Unarmed           |       |    11 |       |       ||    11
 Cast: Sandblast         |     5 |    17 |    10 |       ||    32
       Sting             |    70 |   141 |    83 |       ||   294
       Stone Arrow       |       |     5 |   155 |   270 ||   430
       Poisonous Vapours |       |       |    30 |    56 ||    86
       Sticky Flame      |       |       |       |     4 ||     4
       Lee's Rapid Decon |       |       |       |     3 ||     3
Evoke: Piece from Xom's  |       |     1 |     2 |     5 ||     8
       Wand              |       |       |     5 |     5 ||    10
  Use: Potion            |     1 |       |       |     4 ||     5
       Scroll            |       |       |    13 |    13 ||    26
 Stab: Sleeping          |     2 |       |       |       ||     2
       Confused          |       |     2 |       |       ||     2
       Paralysed         |       |     1 |       |       ||     1
Armor: Robe              |    16 |    15 |    43 |       ||    74
       Skin              |       |       |    15 |       ||    15
       Leather armour    |       |       |     8 |    40 ||    48
Dodge: Dodged            |    59 |    67 |   116 |   142 ||   384
Block: Buckler           |       |       |       |    22 ||    22

Table legend: (Time is in decaauts)
 A = Elapsed time spent in this place.
 B = Non-inter-level travel time spent in this place.
 C = Inter-level travel time spent in this place.
 D = Time resting spent in this place.
 E = Time spent auto-exploring this place.
 F = Levels seen in this place.
 G = Mean time per level.
                   A        B        C        D        E       F      G
               +--------+--------+--------+--------+--------+-----+--------+
         Total |  22917 |  22565 |    352 |   2567 |  16226 |  16 | 1432.3 |
       Dungeon |  16828 |  16561 |    267 |   1701 |  12189 |  11 | 1529.8 |
          Lair |   5255 |   5170 |     85 |    676 |   3615 |   4 | 1313.8 |
        Bailey |    833 |    833 |      0 |    190 |    422 |   1 |  833.0 |
               +--------+--------+--------+--------+--------+-----+--------+

Top non-repeatable levels by time:
     D:8: 2786 daAuts
    D:10: 2005 daAuts
  Lair:3: 1886 daAuts
     D:4: 1800 daAuts
  Lair:2: 1775 daAuts
     D:1: 1702 daAuts
     D:7: 1643 daAuts
     D:5: 1543 daAuts
     D:6: 1424 daAuts
  Lair:1: 1399 daAuts
     D:2: 1329 daAuts
     D:3: 1091 daAuts
  Bailey: 833 daAuts
     D:9: 822 daAuts
    D:11: 679 daAuts
